 Dungeon Crawl Stone Soup version 0.27-a0-96-gb51a1d6fd6 (webtiles) character file.

Game seed: 16715001050418407144

67 knot the Chopper (level 4, 16/35 HPs)
             Began as a Demonspawn Berserker on Jan 19, 2021.
             Was a Follower of Trog.
             Quit the game on level 2 of the Dungeon.
             The game lasted 00:01:47 (2335 turns).

knot the Chopper (Demonspawn Berserker)             Turns: 2335, Time: 00:01:48

Health: 16/35      AC:  3    Str: 17    XL:     4   Next: 0%
Magic:  4/4        EV: 12    Int:  9    God:    Trog [*.....]
Gold:   76         SH:  0    Dex: 13    Spells: 3/3 levels left

rFire    . . .     SeeInvis .   a - +0 hand axe
rCold    . . .     Faith    .   (no shield)
rNeg     . . .     Spirit   .   b - +0 animal skin
rPois    .         Reflect  .   (no helmet)
rElec    .         Harm     .   (no cloak)
rCorr    .         Rampage  .   (no gloves)
Will     .....                  (no boots)
Stlth    +.........             (no amulet)
HPRegen  0.11/turn              (no ring)
MPRegen  0.09/turn              (no ring)

@: mildly poisoned (16 -> 13)
A: demonic guardian 1, sharp scales 1
a: Renounce Religion, Berserk


You were on level 2 of the Dungeon.
You worshipped Trog.
Trog was aware of your devotion.
You visited 1 branch of the dungeon, and saw 2 of its levels.

You collected 76 gold pieces.

Inventory:

Hand Weapons
 a - a +0 hand axe (weapon)
Missiles
 e - 45 stones
Armour
 b - a +0 animal skin (worn)
Scrolls
 c - 2 scrolls of enchant weapon {unknown}
 d - a scroll of amnesia {unknown}
 g - 2 scrolls of magic mapping {unknown}
 i - a scroll of enchant armour {unknown}
 j - a scroll of fog {unknown}
Potions
 f - a potion of resistance {unknown}
 h - a potion of curing {unknown}


   Skills:
 - Level 3.0 Fighting
 + Level 4.4 Axes
 - Level 1.7 Armour
 - Level 1.7 Dodging


You had 3 spell levels left.
You didn't know any spells.
Your spell library was empty.

Dungeon Overview and Level Annotations

Branches:
Dungeon (2/15)

Altars:


Innate Abilities, Weirdness & Mutations

A weak demonic guardian rushes to your aid.
You are partially covered in razor-sharp scales. (AC +1, Slay +1)


Message History

The adder is severely wounded.
The adder bites you but does no damage.
You barely miss the adder.
The adder is severely wounded.
You feel sick. The adder completely misses you. The adder bites you.
You are too injured to fight recklessly!
You are too injured to fight recklessly!
You are too injured to fight recklessly!
You are too injured to fight recklessly!
You are too injured to fight recklessly!
You are too injured to fight recklessly!
You are too injured to fight recklessly!
You are too injured to fight recklessly!
You hit the adder.
You kill the adder!
Trog accepts your kill.
You have reached level 4!
You feel agile.
Your demonic ancestry asserts itself...
Sharp scales grow over part of your body.
Are you sure you want to abandon this character and quit the game? (Confirm with "yes".)

##.#.#.#.#.#.#.#.#....
#.............†.......
#.#>#.#.#.#†#.#.#....
....................
#.#.#.#.#.#.#.#....
#...#..###........
#....## #........
##..### #########
#@....# ......'.....#
......#.....#
......#.....# .....
......# ........#####
........# ........#


There were no monsters in sight!

Vanquished Creatures
  3 adders (D:2)
  2 worms (D:2)
  A dart slug (D:1)
  2 leopard geckos
  4 bats
  A giant cockroach (D:2)
  3 goblins
  3 hobgoblins (D:1)
  A quokka (D:2)
  A frilled lizard (D:1)
  4 kobolds
  7 rats
32 creatures vanquished.

Notes
Turn   | Place    | Note
-------+----------+-------------------------------------------
     0 | D:1      | knot the Demonspawn Berserker began the quest for the Orb.
     0 | D:1      | Reached XP level 1. HP: 18/18 MP: 1/1
   124 | D:1      | Reached skill level 3 in Axes
   418 | D:1      | Gained mutation: A weak demonic guardian rushes to your
                  | aid. [demonic ancestry]
   418 | D:1      | Reached XP level 2. HP: 18/24 MP: 2/2
  1248 | D:2      | Reached XP level 3. HP: 10/29 MP: 3/3
  1481 | D:2      | Reached skill level 4 in Axes
  2335 | D:2      | Gained mutation: You are partially covered in razor-sharp
                  | scales. (AC +1, Slay +1) [demonic ancestry]
  2335 | D:2      | Reached XP level 4. HP: 16/35 MP: 4/4
  2335 | D:2      | Quit the game

Illustrated notes

Levels and vault maps discovered:
D:1:      heliophobic_arrival_henge, layout_rooms, corexii_corridor_pit,
          minmay_misc_feat_ornament
D:2:      layout_basic, st_stairs_11

Skill      XL: |  1  2  3 |
---------------+----------+-----
Axes           | 3 4 |  4.4
Fighting       | |  3.0
Armour         | |  1.7
Dodging        | |  1.7

Action                   |  1- 3 |  4- 6 || total
-------------------------+-------+-------++-------
Melee: Hand axe          |    97 |       ||    97
Invok: Berserk           |     5 |       ||     5
 Stab: Sleeping          |     2 |       ||     2
Armor: Animal skin       |    32 |       ||    32
Dodge: Dodged            |    91 |       ||    91

Table legend: (Time is in decaauts)
 A = Elapsed time spent in this place.
 B = Non-inter-level travel time spent in this place.
 C = Inter-level travel time spent in this place.
 D = Time resting spent in this place.
 E = Time spent auto-exploring this place.
 F = Levels seen in this place.
 G = Mean time per level.
                   A        B        C        D        E       F      G
               +--------+--------+--------+--------+--------+-----+--------+
         Total |   2392 |   2370 |     22 |   1370 |    738 |   2 | 1196.0 |
       Dungeon |   2392 |   2370 |     22 |   1370 |    738 |   2 | 1196.0 |
               +--------+--------+--------+--------+--------+-----+--------+

Top non-repeatable levels by time:
     D:1: 1286 daAuts
     D:2: 1106 daAuts
